 Dungeon Crawl Stone Soup version 0.31.0-11-ge490571c62 (webtiles) character file.

Game seed: 17945860565339331074

24 Fodor the Covered (level 2, 0/4 HPs)
             Began as a Minotaur Fighter on Feb 1, 2024.
             Slain by a frilled lizard (1 damage)
             ... on level 1 of the Dungeon.
             The game lasted 00:05:20 (1371 turns).

Fodor the Covered (Minotaur Fighter)                Turns: 1371, Time: 00:05:21

Health: 0/4        AC:  1    Str: 30    XL:     2   Next: 79%
Magic:  1/1        EV:  7    Int:  5    God:
Gold:   58         SH:  0    Dex:  9    Spells: 1/1 levels left

rFire   + + .        a - melded +0 war axe
rCold   x . .        c - melded +0 buckler
rNeg    . . .        b - melded +0 scale mail
rPois   +            (helmet currently unavailable)
rElec   .            (cloak currently unavailable)
rCorr   .            (gloves currently unavailable)
SInv    .            (boots currently unavailable)
Will    .....        (no amulet)
Stlth   +            (no ring)
HPRegen 0.20/turn    (no ring)
MPRegen 0.07/turn

%: no passive effects
@: dragon-form, flying
A: dragon claw, dragon scales, breathe fire, flying, reduced hp, giant, (horns
2), (retaliatory headbutt)
a: Breathe Fire, Begin Untransformation


You were on level 1 of the Dungeon.
You were a fearsome dragon!
You visited 1 branch of the dungeon, and saw 1 of its levels.

You collected 58 gold pieces.

Inventory:

Hand Weapons
 a - a +0 war axe (melded)
Armour
 b - a +0 scale mail (melded)
 c - a +0 buckler (melded)
Talismans
 j - a dragon-blood talisman (active)
Scrolls
 e - a scroll of blinking {unknown}
 f - a scroll of brand weapon {unknown}
 g - a scroll of enchant weapon {unknown}
 h - a scroll of identify {unknown}
 i - 3 scrolls of noise {unknown}
 k - a scroll of teleportation {unknown}
Potions
 d - a potion of might


   Skills:
 + Level 4.0 Fighting
 + Level 2.7 Axes
 + Level 4.4 Armour
 + Level 3.7 Shields


You had one spell level left.
You didn't know any spells.
Your spell library was empty.

Dungeon Overview and Level Annotations

Branches:
Dungeon (1/15)

Altars:


Innate Abilities, Weirdness & Mutations

You are a fearsome dragon!
You have a powerful clawing attack.
Your giant scaled body is strong and resilient, but less evasive.
You can breathe fire.
You are flying.
Your maximum health is decreased, since you lack skill for your form.
Your armour is entirely melded.
You are incapable of wielding weapons or throwing items.
((You have a pair of horns on your head.))
((You reflexively headbutt those who attack you in melee.))


Message History

A ball python comes into view.
Found a dragon-blood talisman.
The ball python hisses angrily.
The ball python bites you but does no damage.
The ball python grabs you. The ball python constricts you.
The ball python barely misses you. The ball python constricts you.
You slash the ball python!
You kill the ball python!
You see here a dragon-blood talisman.
j - a dragon-blood talisman You begin transforming.
You continue transforming. x3
You turn into a fearsome dragon!
Your +0 war axe melds into your body.
Your +0 buckler melds into your body.
Your +0 scale mail melds into your body.
HP restored.
You reach down and open the door.
A kobold comes into view. It is wielding a +0 dagger.
The kobold shouts!
Found a stone staircase leading down.
There is an open door here.
Found a scroll labelled HAIN TIPUGGUJI.
You claw the kobold!
You kill the kobold!
You see here a +0 dagger.
k - a scroll labelled HAIN TIPUGGUJI
There is a stone staircase leading down here.
You reach down and open the door.
There is an open door here.
You reach down and open the door.
There is an open door here.
There is an open door here.
There is an open door here.
There is an open door here.
Found a faded altar of an unknown god.
A frilled lizard comes into view.
You barely miss the frilled lizard. The frilled lizard bites you.
Ouch! That really hurt!
* * * LOW HITPOINT WARNING * * *
You closely miss the frilled lizard. The frilled lizard bites you.
You die...

.### #.# ...## #.#
....# #########.#
....# ........#.#
....# #.......#.#
...## #.......#.#
.### #
#.......#.######
.####
#.#l......#......#
#...###
#.#D.........###.###
......##
#...................
.......#
###.##.........#.###
..⌠....#
#.#######.####.#
.......# #.# #.. ..#
......## #.# #.#
#### #...###
######.# #+# ######
#.....#.# .###.#
#.####.####


You could see a frilled lizard.

Vanquished Creatures
  2 endoplasms (D:1)
  A giant cockroach (D:1)
  3 goblins (D:1)
  2 hobgoblins (D:1)
  3 jackals (D:1)
  3 ball pythons (D:1)
  5 kobolds (D:1)
  A rat (D:1)
20 creatures vanquished.

Notes
Turn   | Place    | Note
-------+----------+-------------------------------------------
     0 | D:1      | Fodor the Minotaur Fighter began the quest for the Orb.
     0 | D:1      | Reached XP level 1. HP: 19/19 MP: 0/0
   203 | D:1      | Reached XP level 2. HP: 27/27 MP: 1/1
  1351 | D:1      | Found a faded altar of an unknown god.
  1371 | D:1      | Slain by a frilled lizard

Illustrated notes

Levels and vault maps discovered:
D:1:      dpeg_arrival_three_same_balls, layout_loops_corners,
          ebering_ecumenical_altar_mist, amethyst_killhole

Skill      XL: |  1  2 |
---------------+-------+-----
Armour         | 4 |  4.4
Fighting       | 4 |  4.0
Axes           | |  2.7
Shields        | |  3.7

Action                     || total
---------------------------++-------
  Melee: War axe           ||    35
         Headbutt          ||     5
         Unarmed           ||     3
 Armour: Scale mail        ||    22
         Skin              ||     2
  Dodge: Dodged            ||    18
  Block: Buckler           ||     3
   Form: Dragon            ||     1
